 Dungeon Crawl Stone Soup version 0.31-a0-232-gb1c03b2570 (webtiles) character file.

Game seed: 9235385723046542172

77 qw the Shooter (level 4, 0/36 HPs)
             Began as a Minotaur Hexslinger on July 7, 2023.
             Slain by an orc wizard
             ... wielding a +0 dagger of venom
              (1 damage)
             ... on level 3 of the Dungeon.
             The game lasted 00:00:47 (1829 turns).

qw the Shooter (Minotaur Hexslinger)                Turns: 1829, Time: 00:00:47

Health: 0/36       AC:  5    Str: 13    XL:     4   Next: 14%
Magic:  4/4        EV: 12    Int: 10    God:
Gold:   110        SH:  0    Dex: 14    Spells: 4/5 levels left

rFire   . . .        Y - +1 sling
rCold   . . .        (no shield)
rNeg    . . .        c - +2 robe of the Original Sin {Stlth+}
rPois   .            (helmet restricted)
rElec   .            (no cloak)
rCorr   .            e - +0 pair of gloves
SInv    .            (no boots)
Will    .....        g - amulet of faith
Stlth   ++           (no ring)
HPRegen 0.26/turn    (no ring)
MPRegen 0.09/turn

%: faith
@: lethally poisoned (0 -> -6)
A: horns 2, retaliatory headbutt
a: no special abilities


You were on level 3 of the Dungeon.
You visited 1 branch of the dungeon, and saw 3 of its levels.

You collected 110 gold pieces.


Innate Abilities, Weirdness & Mutations

You have a pair of horns on your head.
You reflexively headbutt those who attack you in melee.


   Skills:
 - Level 2.0 Fighting
 + Level 4.4 Ranged Weapons
 - Level 1.0 Armour
 - Level 2.1 Dodging
 - Level 1.0 Spellcasting
 - Level 2.0 Hexes


You had 4 spell levels left.
You knew the following spells:

 Your Spells              Type           Power      Damage    Failure   Level
a - Slow                  Hex            16%        N/A       16%         1

Your spell library contained the following spells:

 Spells                   Type           Power      Damage    Failure   Level
 Inner Flame              Hex/Fire       2%         N/A       56%         3
 Portal Projectile        Hex/Tloc       4%         N/A       56%         3
 Cause Fear               Hex            2%         N/A       83%         4

Inventory:

Hand Weapons
 Y - a +1 sling (weapon)
Armour
 c - the +2 robe of the Original Sin (worn) {Stlth+}
   (You found it on level 2 of the Dungeon)

   Stlth:     It makes you more stealthy.
 e - a +0 pair of gloves (worn)
Jewellery
 f - a ring of positive energy
 g - an amulet of faith (around neck)
Scrolls
 a - a scroll of brand weapon {unknown}
 d - a scroll of identify
Potions
 b - a potion of curing
 h - a potion of magic {unknown}
 i - a potion of ambrosia {unknown}
 j - a potion of berserk rage {unknown}

Dungeon Overview and Level Annotations

Branches:
Dungeon (3/15)

Altars:

Shops:
D:2 !

Annotations:
D:3 Sigmund


Message History

You have reached level 4!
You feel stronger.
You shoot a sling bullet.
The sling bullet closely misses the orc.
The sling bullet hits the orc.
The orc is severely wounded.
You feel sick. The orc barely misses you. You furiously retaliate!
You headbutt the orc. You shoot a sling bullet. The sling bullet hits the orc!
You kill the orc!
You feel sick.
You are no longer poisoned.
You shoot a sling bullet.
The sling bullet hits the worm but does no damage.
The worm completely misses you.
You shoot a sling bullet. The sling bullet hits the orc!
You kill the orc!
The worm closely misses you.
You shoot a sling bullet. The sling bullet hits the worm.
The worm is lightly wounded.
Something hits you but does no damage.
You are poisoned.
You shoot a sling bullet. The sling bullet hits the worm.
The worm is lightly wounded.
You feel sick. Something hits you but does no damage.
You are more poisoned.
The worm barely misses you. Something hits you but does no damage.
You shoot a sling bullet. The sling bullet hits the worm.
The worm is moderately wounded.
You feel very sick.
You hear some strange, mumbled words.
A puff of flame appears from out of thin air!
The puff of flame hits you! The worm bites you!
You shoot a sling bullet. The sling bullet hits the worm.
The worm is moderately wounded.
You feel very sick. Something hits you but does no damage.
You shoot a sling bullet. The sling bullet hits the worm.
The worm is severely wounded.
You feel sick. The worm bites you but does no damage. Something hits you.
You die...

#......# #.#.........
#......# #.#.......##
###......# #.#.........
.####........###.#......###
.%.............#.#.........
...........................
#####......###.#.######.#..
#......# #.#.# #.#.#
#.....@# #.#.# ###....
#....{w....#.# .......
#..........#.. .......
#..........### .......
......#####... .#.....
...... #### #.##.# ......
#.##.# ...... #.#..# #.#.##


You could see a worm.

Vanquished Creatures
  2 adders
  3 worms (D:2)
  2 orcs (D:3)
  2 endoplasms
  A giant cockroach (D:2)
  4 goblins
  4 hobgoblins
  5 jackals
  4 quokkas
  7 ball pythons
  4 bats (D:1)
  A frilled lizard (D:2)
  2 kobolds (D:2)
  2 rats
43 creatures vanquished.

Notes
Turn   | Place    | Note
-------+----------+-------------------------------------------
     0 | D:1      | qw the Minotaur Hexslinger began the quest for the Orb.
     0 | D:1      | Reached XP level 1. HP: 16/16 MP: 1/1
     0 | D:1      | 0 ||| qw: Version: 0.3-a-46-gb1f654a
     0 | D:1      | 0 ||| qw: Game counter: 2295
     0 | D:1      | 0 ||| qw: Melee chars always use a shield: true
     0 | D:1      | 0 ||| qw: God list: Okawaru
     0 | D:1      | 0 ||| qw: Allow faded altars: false
     0 | D:1      | 0 ||| qw: Do Orc after clearing Dungeon:15 true
     0 | D:1      | 0 ||| qw: Do second Lair branch before Depths: true
     0 | D:1      | 0 ||| qw: Lair rune preference: random
     0 | D:1      | 0 ||| qw: Goals: Normal
     0 | D:1      | 0 ||| PLANNING D:1-11
   154 | D:1      | Reached skill level 3 in Ranged Weapons
   163 | D:1      | Reached XP level 2. HP: 21/23 MP: 2/2
   305 | D:1      | 305 ||| UPGRADING to +0 pair of gloves.
   310 | D:1      | 310 ||| Stepping ~*~*~tactically~*~*~ (water).
   319 | D:1      | 319 ||| UPGRADING to +0 ring mail.
   329 | D:1      | 329 ||| DROPPING +0 robe.
   565 | D:1      | 565 ||| READING scroll labelled GINE CENEGO.
   569 | D:1      | 569 ||| READING 2 scrolls labelled JARUSO NIL VOO.
   570 | D:1      | 570 ||| DROPPING scroll of poison.
   726 | D:2      | Reached XP level 3. HP: 15/29 MP: 3/3
   994 | D:2      | Found Nusyam's Distillery.
  1004 | D:2      | 1004 ||| SHOPLISTING 2 potions of heal wounds (130 gold,
                  | have 33).
  1004 | D:2      | 1004 ||| SHOPLISTING potion of cancellation (104 gold, have
                  | 33).
  1004 | D:2      | 1004 ||| SHOPLISTING potion of curing (39 gold, have 33).
  1004 | D:2      | 1004 ||| SHOPLISTING potion of heal wounds (65 gold, have
                  | 33).
  1004 | D:2      | 1004 ||| SHOPLISTING potion of mutation (104 gold, have
                  | 33).
  1004 | D:2      | 1004 ||| SHOPLISTING potion of resistance (130 gold, have
                  | 33).
  1059 | D:2      | Identified the +2 robe of the Original Sin {Stlth+}
  1155 | D:2      | Found a faded altar of an unknown god.
  1167 | D:2      | Reached skill level 4 in Ranged Weapons
  1258 | D:2      | Reached skill level 1 in Armour
  1492 | D:2      | 1492 ||| UPGRADING to +2 robe of the Original Sin {Stlth+}.
  1502 | D:2      | 1502 ||| DROPPING +0 ring mail.
  1503 | D:2      | 1503 ||| UPGRADING to amulet of faith.
  1508 | D:2      | 1508 ||| READING scroll labelled ZIH OQEPTELU.
  1509 | D:2      | 1509 ||| READING scroll labelled JOCRYO XEARR.
  1603 | D:3      | Noticed Sigmund
  1624 | D:3      | 1624 ||| READING 2 scrolls of identify.
  1624 | D:3      | 1624 ||| IDENTIFYING bubbling black potion
  1630 | D:3      | 1630 ||| STAIRDANCE
  1821 | D:3      | Reached XP level 4. HP: 28/36 MP: 4/4
  1827 | D:3      | HP: 7/36 [worm (8)]
  1828 | D:3      | HP: 3/36 [poisoned by an orc wizard]
  1829 | D:3      | HP: 1/36 [poisoned by an orc wizard]
  1829 | D:3      | Slain by an orc wizard

Levels and vault maps discovered:
D:1:      lightli_arrival_statue_moat, layout_basic, serial_bayou_ford_a,
          minmay_statues_item
D:2:      layout_loops_ring, hellmonk_ecumenical_altar_arch_garden,
          serial_shops, shop, minmay_stone_trees_small,
          chequers_serial_rivers_room_b, minmay_pentomino_v2
D:3:      layout_basic, st_stairs_9, kennysheep_cluttered_room, uniq_sigmund

Skill      XL: |  1  2  3 |
---------------+----------+-----
Ranged Weapons | 3 4 |  4.4
Fighting       | 2 |  2.0
Armour         | 1 |  1.0
Dodging        | |  2.1
Spellcasting   | |  1.0
Hexes          | |  2.0

Action                     |  1- 3 |  4- 6 || total
---------------------------+-------+-------++-------
   Fire: Sling             |   171 |     9 ||   180
    Use: Scroll            |     5 |       ||     5
 Armour: Ring mail         |    18 |       ||    18
         Robe              |     6 |     5 ||    11
  Dodge: Dodged            |    61 |     4 ||    65

Table legend:
 A = Non-vault XP
 B = Vault XP
 C = Vault XP percentage of total XP
 D = Non-vault monster count
 E = Vault monster count
 F = Vault count percentage of total count
                 A         B        C        D         E       F
            +---------+---------+-------+---------+---------+-------
      Total |     103 |       8 |   7.2 |      39 |       4 |   9.3
            +---------+---------+-------+---------+---------+-------
        D:1 |      26 |       0 |   0.0 |      15 |       0 |   0.0
        D:2 |      54 |       2 |   3.6 |      19 |       1 |   5.0
        D:3 |      23 |       6 |  20.7 |       5 |       3 |  37.5
            +---------+---------+-------+---------+---------+-------
